 Dungeon Crawl Stone Soup version 0.19.5 (webtiles) character file.

39 tidbits the Gusty (level 3, -11/21 HPs)
             Began as a High Elf Air Elementalist on Dec 10, 2017.
             Mangled by Edmund
             ... wielding a +6 antimagic flail
              (14 damage)
             ... on level 4 of the Dungeon.
             The game lasted 00:04:58 (528 turns).

tidbits the Gusty (High Elf Air Elementalist)        Turns: 528, Time: 00:04:59

Health: -11/21     AC:  2    Str: 12    XL:     3   Next: 26%
Magic:  2/8        EV: 13    Int: 19    God:
Gold:   44         SH:  0    Dex: 16    Spells: 3 memorised, 2 levels left

rFire  . . .     SeeInvis .     f - +0 dagger
rCold  . . .     Gourm    .     a - +0 robe
rNeg   . . .     Faith    .     (no shield)
rPois  .         Spirit   .     (no helmet)
rElec  .         Reflect  .     (no cloak)
rCorr  .         Harm     .     (no gloves)
MR     .....                    (no boots)
Stlth  ++........               (no amulet)
                                (no ring)
                                (no ring)

@: mighty, repel missiles
A: no striking features
a: no special abilities


You were on level 4 of the Dungeon.
You were not hungry.

You visited 1 branch of the dungeon, and saw 4 of its levels.

You collected 44 gold pieces.

Inventory:

Hand Weapons
 e - a +0 hand axe
   (You found it on level 1 of the Dungeon)
 f - a +0 dagger (weapon)
   (You took it off a goblin on level 1 of the Dungeon)
 j - a +0 short sword
   (You took it off a kobold on level 2 of the Dungeon)
Missiles
 h - 14 arrows
 i - 17 stones (quivered)
Armour
 a - a +0 robe (worn)
Scrolls
 k - a scroll of magic mapping {unknown}
Potions
 d - 2 potions of curing
Books
 b - a book of Air

   Spells                             Type                      Level
   a - Shock                          Conjuration/Air              1
   b - Swiftness                      Charms/Air                   2
   c - Repel Missiles                 Charms/Air                   2
   d - Static Discharge               Conjuration/Air              3
   e - Lightning Bolt                 Conjuration/Air              5
Comestibles
 c - 2 bread rations


   Skills:
 - Level 2.1 Dodging
 - Level 2.1 Stealth
 + Level 2.9 Spellcasting
 + Level 2.2 Conjurations
 + Level 4.3 Air Magic


You had 2 spell levels left.
You knew the following spells:

 Your Spells              Type           Power        Failure   Level  Hunger
a - Shock                 Conj/Air       ###.         4%          1    None
m - Repel Missiles        Chrm/Air       ##....       12%         2    ##.....
W - Swiftness             Chrm/Air       ##......     12%         2    ##.....


Dungeon Overview and Level Annotations

Branches:
Dungeon (4/15)
 Temple: D:4-7

Altars:
Xom

Annotations:
D:4 Edmund


Message History

You throw a stone.
The stone hits the jackal but does no damage.
The jackal barks! x2
Casting: Shock
Confirm with . or Enter, or press ? or * to list all spells.
Aiming: Shock
Press: ? - help, Shift-Dir - straight line, p - jackal The zap hits the jackal.
You kill the jackal!
Casting: Shock
Confirm with . or Enter, or press ? or * to list all spells.
Aiming: Shock
Press: ? - help, Shift-Dir - straight line The zap hits the jackal.
The jackal is lightly wounded.
The zap hits the jackal.
The jackal is severely wounded.
The jackal barely misses you.
Casting: Shock
Confirm with . or Enter, or press ? or * to list all spells.
Aiming: Shock
Press: ? - help, Shift-Dir - straight line The zap misses the jackal.
The zap hits the jackal.
You kill the jackal!
You see here a jackal corpse.
Okay, then.
There is an open door here.
There is a stone staircase leading down here.
You open the door.
There is an open door here.
You open the door.
There is an open door here.
Found 12 gold pieces.
You now have 44 gold pieces (gained 12).
Found a spear.
Found 22 bolts and 4 gold pieces.
You see here a spear.
Edmund the Younger comes into view.
He is wielding an antimagic flail.
Casting: Shock
Confirm with . or Enter, or press ? or * to list all spells.
Aiming: Shock
Press: ? - help, Shift-Dir - straight line, f - Edmund
Aim: Edmund, wielding an antimagic flail and wearing a scale mail (resting)
The zap hits Edmund.
Edmund appears unharmed.
Edmund shouts!
You see here a spear.
Casting: Shock
Confirm with . or Enter, or press ? or * to list all spells.
Aiming: Shock
Press: ? - help, Shift-Dir - straight line, p - Edmund The zap hits Edmund.
Edmund is lightly wounded.
The zap hits Edmund.
Edmund is lightly wounded.
Casting: Shock
Confirm with . or Enter, or press ? or * to list all spells.
Aiming: Shock
Press: ? - help, Shift-Dir - straight line The zap hits Edmund.
Edmund is moderately wounded.
The zap hits Edmund.
Edmund is moderately wounded.
Casting: Shock
Confirm with . or Enter, or press ? or * to list all spells.
Aiming: Shock
Press: ? - help, Shift-Dir - straight line The zap hits Edmund.
Edmund appears unharmed.
Edmund is moderately wounded.
The zap misses Edmund.
Edmund hits you with an antimagic flail.
You feel your power leaking away.
Casting: Shock
Confirm with . or Enter, or press ? or * to list all spells.
Aiming: Shock
Press: ? - help, Shift-Dir - straight line The zap hits Edmund.
Edmund appears unharmed.
Edmund is moderately wounded.
The zap hits Edmund.
Edmund is moderately wounded.
Edmund hits you with an antimagic flail!
Ouch! That really hurt!
* * * LOW HITPOINT WARNING * * *
You feel your power leaking away.
It was a potion of curing.
You feel better.
Edmund hits you with an antimagic flail.
* * * LOW HITPOINT WARNING * * *
A worker ant comes into view.
The worker ant twitches its antennae in your direction.
Edmund says, "A flail is better than a scythe, any day of the week!"
Unknown command.
Found a stone staircase leading up.
Found 16 sling bullets.
Found 5 gold pieces.
It was a potion of might.
You feel very mighty all of a sudden.
You hit Edmund but do no damage.
Edmund is moderately wounded.
Edmund hits you with an antimagic flail!
Ouch! That really hurt!
You die...

#..##......#
###### #.
.#####..##......#
#####.
....a...##......#
#...#.
.######.##......#
#.#.#.
#a##......#
#.#.†.
#.#########
#.###.
#.##.####### #.#
#.
#......a@..######
#.# #.
#.##.#.##@...(...
#.###.
#.##.#.##...<....
#.....
#.##.#.##........
#.....
#.##.#.##........
#.####
..##.#.##........
#.....
#.##.#.##....$...
#.##.# #.
#.#.##........
#.##.#
#.#.##........
#.#... #.####


You could see Edmund and a worker ant.

Vanquished Creatures
  2 adders (D:2)
  A dart slug (D:2)
  3 giant cockroaches (D:2)
  A goblin (D:1)
  2 jackals (D:4)
  4 kobolds
  A ball python (D:1)
  2 bats
  2 frilled lizards (D:2)
  2 rats (D:1)
20 creatures vanquished.

Notes
Turn   | Place    | Note
-------+----------+-------------------------------------------
     0 | D:1      | tidbits the High Elf Air Elementalist began the quest for the Orb.
     0 | D:1      | Reached XP level 1. HP: 11/11 MP: 4/4
    41 | D:1      | Found a shimmering altar of Xom.
   117 | D:2      | Reached skill level 4 in Air Magic
   117 | D:2      | Reached XP level 2. HP: 17/17 MP: 3/6
   121 | D:2      | Learned a level 2 spell: Repel Missiles
   124 | D:2      | Learned a level 2 spell: Swiftness
   328 | D:2      | Found a faded altar of an unknown god.
   334 | D:2      | Reached skill level 2 in Conjurations
   334 | D:2      | Reached XP level 3. HP: 21/21 MP: 5/8
   498 | D:4      | Noticed Edmund
   509 | D:4      | HP: 2/21 [Edmund/antimagic flail (14)]
   528 | D:4      | Mangled by Edmund

Skill      XL: |  1  2 |
---------------+-------+-----
Air Magic      | 4 |  4.3
Conjurations   | 2 |  2.2
Dodging        | |  2.1
Stealth        | |  2.1
Spellcasting   | |  2.9

Action                   || total
-------------------------++-------
Melee: Dagger            ||     7
Throw: Stone             ||     1
 Cast: Shock             ||    30
       Repel Missiles    ||     1
  Use: Potion            ||     2
 Stab: Sleeping          ||     2
Armor: Robe              ||     2
Dodge: Dodged            ||    12

Table legend:
 A = Turns spent in this place as a percentage of turns spent in the entire game.
 B = Non-inter-level travel turns spent in this place as a percentage of non-inter-level travel turns spent in the entire game.
 C = Inter-level travel turns spent in this place as a percentage of turns spent in this place.
 D = Turns resting spent in this place as a percentage of non-inter-level travel turns spent in this place.
 E = Turns spent auto-exploring this place as a percentage of non-inter-level travel turns spent in this place.
 F = Non-inter-level travel turns spent in this place divided by the number of levels of this place that you've seen.
                   A       B       C       D       E      F
               +-------+-------+-------+-------+-------+----------------------
         Total | 100.0 | 100.0 |   0.0 |   0.0 |   0.0 | 108.5
       Dungeon | 100.0 | 100.0 |   0.0 |   0.0 |   0.0 | 108.5
               +-------+-------+-------+-------+-------+----------------------

Table legend:
 A = Kills in this place as a percentage of kills in entire the game.
 B = Kills by you in this place as a percentage of kills by you in the entire game.
 C = Kills by friends in this place as a percentage of kills by friends in the entire game.
 D = Other kills in this place as a percentage of other kills in the entire game.
 E = Experience gained in this place as a percentage of experience gained in the entire game.
 F = Experience gained in this place divided by the number of levels of this place that you have seen.
                   A       B       C       D       E      F
               +-------+-------+-------+-------+-------+----------------------
         Total | 100.0 | 100.0 |  -nan |  -nan | 100.0 |  14.0
       Dungeon | 100.0 | 100.0 |  -nan |  -nan | 100.0 |  14.0
               +-------+-------+-------+-------+-------+----------------------

Vault maps used:
D:1:      onia_arrival_handbag, xom_teletrap_fun
D:2:      ashenzari_conservatory_becter, ecumenical_altar_1
D:3:      nicolae_qazlal_eye_of_the_storm, first_bread
D:4:      nicolae_overflow_hidden_temple, uniq_edmund
